 Dungeon Crawl Stone Soup version 0.22-a0-136-g83a10e5 (webtiles) character file.

39 tilp the Chiller (level 3, 0/24 HPs)
             Began as a Merfolk Ice Elementalist on Feb 4, 2018.
             Killed from afar by Robin (2 damage)
             ... with a wand of flame (32)
             ... on level 2 of the Dungeon.
             The game lasted 00:03:49 (1735 turns).

tilp the Chiller (Merfolk Ice Elementalist)         Turns: 1735, Time: 00:03:49

Health: 0/24       AC:  2    Str:  8    XL:     3   Next: 47%
Magic:  3/6        EV: 13    Int: 15    God:
Gold:   22         SH:  0    Dex: 14    Spells: 0/6 levels left

rFire    + . .     SeeInvis .   m - +0 dagger
rCold    + . .     Gourm    .   (no shield)
rNeg     . . .     Faith    .   a - +0 robe
rPois    +         Spirit   .   (no helmet)
rElec    +         Reflect  .   (no cloak)
rCorr    +         Harm     .   (no gloves)
MR       .....                  (no boots)
Stlth    ++........             (no amulet)
HPRegen  0.08/turn              (no ring)
MPRegen  0.10/turn              (no ring)

@: resistant
A: change form in water, swift swim, stealthy swim
a: no special abilities


You were on level 2 of the Dungeon.
You were not hungry.

You visited 1 branch of the dungeon, and saw 2 of its levels.

You collected 22 gold pieces.

Inventory:

Hand Weapons
 m - a +0 dagger (weapon)
Missiles
 i - 15 stones (quivered)
Armour
 a - a +0 robe (worn)
 k - a +2 ring mail of cold resistance
Jewellery
 l - an uncursed ring of poison resistance {unknown}
Scrolls
 e - a scroll of amnesia {unknown}
 f - a scroll of identify {unknown}
 h - 2 scrolls of remove curse {unknown}
 j - 3 scrolls of fog {unknown}
 n - a scroll of teleportation {unknown}
Potions
 d - a potion of resistance
 g - a potion of haste {unknown}
Books
 b - a book of Frost

   Spells                             Type                      Level
   a - Freeze                         Ice                          1
   b - Throw Frost                    Conjuration/Ice              2
   c - Ozocubu's Armour               Charms/Ice                   3
   d - Throw Icicle                   Conjuration/Ice              4
   e - Summon Ice Beast               Ice/Summoning                4
Comestibles
 c - 2 rations
 o - 9 chunks of flesh


   Skills:
 - Level 2.6 Dodging
 - Level 2.1 Stealth
 - Level 2.0 Spellcasting
 - Level 0.7 Conjurations
 + Level 4.9 Ice Magic


You couldn't memorise any spells.
You knew the following spells:

 Your Spells              Type           Power        Failure   Level  Hunger
a - Freeze                Ice            ###.         3%          1    #......
b - Throw Frost           Conj/Ice       #.....       11%         2    ###....
c - Ozocubu's Armour      Chrm/Ice       #.......     24%         3    ###....


Dungeon Overview and Level Annotations

Branches:
Dungeon (2/15)

Altars:

Annotations:
D:2 Robin


Message History

Press: ? - help, Shift-Dir - straight line, f/p - quokka
Aim: a quokka (almost dead)
You freeze the quokka.
You kill the quokka!
Robin throws the goblin at you!
Casting: Freeze (safe; 3% risk of failure)
Confirm with . or Enter, or press ? or * to list all spells.
Aiming: Freeze (safe; 3% risk of failure)
Press: ? - help, Shift-Dir - straight line, f - goblin
Aim: a goblin You freeze the goblin.
You kill the goblin!
Robin zaps a wand.
The puff of flame hits you!
It is a wand of flame (33).
Robin zaps a wand.
The puff of flame hits you!
* * * LOW HITPOINT WARNING * * *
A leopard gecko comes into view.
It was a potion of resistance.
You feel protected.
Robin zaps a wand.
The puff of flame hits you! You resist.
You die...

# #.# #.#.# ..##.##.#
#...# .....<.l###
##.## ..........####
#†# .....##.#.##.##
#.#
#.#..##.#.#.#.#####.#
# #........###g.....#
#.###.#.#.#.#######
#.#.##@## ....####
######


You could see Robin and a leopard gecko (wandering).

Vanquished Creatures
  An ooze (D:1)
  A dart slug (D:1)
  A bat (D:1)
  A giant cockroach (D:1)
  7 goblins
  8 hobgoblins
  A quokka (D:2)
  3 frilled lizards (D:1)
  A kobold (D:2)
  6 rats
30 creatures vanquished.

Notes
Turn   | Place    | Note
-------+----------+-------------------------------------------
     0 | D:1      | tilp the Merfolk Ice Elementalist began the quest for the Orb.
     0 | D:1      | Reached XP level 1. HP: 13/13 MP: 3/3
   394 | D:1      | Reached XP level 2. HP: 19/19 MP: 1/5
   512 | D:1      | Reached skill level 4 in Ice Magic
   516 | D:1      | Learned a level 2 spell: Throw Frost
  1140 | D:1      | Reached XP level 3. HP: 24/24 MP: 6/6
  1145 | D:1      | Learned a level 3 spell: Ozocubu's Armour
  1687 | D:2      | Noticed Robin
  1735 | D:2      | Killed from afar by Robin

Vault maps used:
D:1:      grunt_arrival_crossed_arrows
D:2:      nicolae_overflow_hidden_temple, first_ration, uniq_terence,
          uniq_robin, uniq_natasha

Skill      XL: |  1  2 |
---------------+-------+-----
Ice Magic      | 4 |  4.9
Dodging        | |  2.6
Stealth        | |  2.1
Spellcasting   | |  2.0
Conjurations   | |  0.7

Action                   || total
-------------------------++-------
Melee: Club              ||     5
       Dagger            ||    19
 Cast: Freeze            ||    39
       Throw Frost       ||     1
  Use: Potion            ||     1
 Stab: Sleeping          ||     1
  Eat: Chunk             ||     3
Armor: Robe              ||     6
Dodge: Dodged            ||    29

Table legend:
 A = Spawn XP
 B = Non-spawn XP
 C = Spawn XP percentage of total XP
 D = Spawn monster count
 E = Non-spawn monster count
 F = Spawn count percentage of total count
 G = Total turns spent on level
                    A         B        C        D         E        F      G
               +---------+---------+-------+---------+---------+-------+---------
         Total |       0 |      57 |   0.0 |       0 |      30 |   0.0 |  1735
               +---------+---------+-------+---------+---------+-------+---------
           D:1 |       0 |      34 |   0.0 |       0 |      17 |   0.0 |  1312
           D:2 |       0 |      23 |   0.0 |       0 |      13 |   0.0 |   423
               +---------+---------+-------+---------+---------+-------+---------
